 Dungeon Crawl Stone Soup version 0.24-a0-736-g4e6fe308c7 (webtiles) character file.

Game seed: 16816168967644213246, levelgen mode: deterministic

48 Oninnaise the Cudgeler (level 4, -4/35 HPs)
             Began as a Formicid Chaos Knight on Oct 2, 2019.
             Was a Plaything of Xom.
             Killed from afar by an orc wizard (8 damage)
             ... with a magic dart
             ... on level 2 of the Dungeon.
             The game lasted 00:02:06 (1106 turns).

Oninnaise the Cudgeler (Formicid Chaos Knight)      Turns: 1106, Time: 00:02:06

Health: -4/35      AC:  6    Str: 19    XL:     4   Next: 0%
Magic:  4/4        EV: 11    Int: 12    God:    Xom [..*...]
Gold:   66         SH:  0    Dex: 14    Spells: 3/3 levels left

rFire    . . .     SeeInvis +   a - +0 mace (chaos)
rCold    + . .     Gourm    .   (no shield)
rNeg     . . .     Faith    .   b - +2 leather armour
rPois    .         Spirit   .   (helmet unavailable)
rElec    .         Reflect  .   (no cloak)
rCorr    .         Harm     .   h - +0 pair of gloves
MR       .....     Clarity  +   (no boots)
Stlth    +.........             (no amulet)
HPRegen  0.11/turn              (no ring)
MPRegen  0.09/turn              (no ring)

@: no status effects
A: permanent stasis, dig shafts and tunnels, four strong arms, antennae 3,
hooves 1, thin skeletal structure 1, agile 1, clarity, cold resistance 1, strong
1
a: Dig, Shaft Self, Renounce Religion


You were on level 2 of the Dungeon.
You worshipped Xom.
You were a toy of Xom.
You were hungry.

You visited 1 branch of the dungeon, and saw 3 of its levels.

You collected 66 gold pieces.

Inventory:

Hand Weapons
 a - a +0 mace of chaos (weapon)
Armour
 b - a +2 leather armour (worn)
 h - a +0 pair of gloves (worn)
Scrolls
 g - a scroll of immolation {unknown}
 j - 3 scrolls of noise {unknown}
 k - a scroll of amnesia {unknown}
 l - a scroll of magic mapping {unknown}
Potions
 d - a potion of invisibility {unknown}
 e - 3 potions of degeneration {unknown}
 f - a potion of might {unknown}
 i - a potion of mutation {unknown}
Comestibles
 c - 3 rations


   Skills:
 - Level 3.2 Fighting
 + Level 4.6 Maces & Flails
 - Level 2.1 Armour
 - Level 0.8 Dodging


You had 3 spell levels left.
You didn't know any spells.
Your spell library was empty.

Dungeon Overview and Level Annotations

Branches:
Dungeon (3/15)

Altars:


Innate Abilities, Weirdness & Mutations

You cannot be hasted, slowed, berserked, paralysed or teleported.
You can dig through walls and to a lower floor.
Your four strong arms can wield two-handed weapons with a shield.
You have a pair of large antennae on your head. (SInv)
You have large cloven feet.
You have a somewhat thin skeletal structure. (Dex +2, Stealth)
You are agile. (Dex +2)
You possess an exceptional clarity of mind.
Your flesh is cold resistant. (rC+)
Your muscles are strong. (Str +2)


Message History

An orc and an orc wizard come into view.
The orc wizard shouts!
The orc shouts!
The orc wizard mumbles some strange words.
The orc wizard blinks!
The orc hits you but does no damage. The frilled lizard closely misses you.
The orc wizard mumbles some strange words.
The orc wizard seems to speed up.
There is a stone staircase leading up here.
The orc wizard hits you with a +0 dagger.
* * * LOW HITPOINT WARNING * * *
The orc barely misses you. The frilled lizard closely misses you.
You climb upwards.
A hobgoblin comes into view.
Found 16 gold pieces.
There is a stone staircase leading down here.
The gnoll completely misses you. The orc hits you but does no damage.
The orc wizard gestures at you while chanting.
The magic dart hits you!
You die...
Xom thinks this is hilarious!

{ # #
#######
#.##.
.....
#....##..#
#.....#@.#
........g#
.....loo.#
.......#.#
#.....# .#
#....# .#
#.#.# .#
#...{ .#
g$. ##


You could see an orc wizard, a gnoll, an orc and a frilled lizard.

Vanquished Creatures
  2 gnolls (D:2)
  An ooze (D:2)
  A leopard gecko (D:2)
  3 bats (D:1)
  A giant cockroach (D:2)
  3 goblins (D:1)
  5 hobgoblins (D:1)
  3 jackals (D:1)
  A frilled lizard (D:1)
  2 kobolds (D:1)
22 creatures vanquished.

Notes
Turn   | Place    | Note
-------+----------+-------------------------------------------
     0 | D:1      | Oninnaise the Formicid Chaos Knight began the quest for the
                  | Orb.
     0 | D:1      | Reached XP level 1. HP: 18/18 MP: 1/1
   117 | D:1      | XOM: potion effect (invisibility)
   155 | D:1      | Reached XP level 2. HP: 24/24 MP: 2/2
   327 | D:1      | XOM: give mutations
   327 | D:1      | Gained mutation: You have large cloven feet. [Xom's grace]
   327 | D:1      | Gained mutation: Your flesh is cold resistant. (rC+) [Xom's
                  | grace]
   548 | D:1      | Reached skill level 4 in Maces & Flails
   548 | D:1      | Reached XP level 3. HP: 28/29 MP: 3/3
   670 | D:1      | XOM: give mutations
   670 | D:1      | Gained mutation: You possess an exceptional clarity of
                  | mind. [Xom's grace]
   670 | D:1      | Gained mutation: You are agile. (Dex +2) [Xom's grace]
   670 | D:1      | Gained mutation: Your muscles are strong. (Str +2) [Xom's
                  | grace]
   670 | D:1      | Gained mutation: You have a somewhat thin skeletal
                  | structure. (Dex +2, Stealth) [Xom's grace]
   900 | D:2      | Noticed a sky beast
   900 | D:2      | a worm changed into a sky beast
   903 | D:2      | XOM: divine lightning
   906 | D:2      | a sky beast changed into an ooze
   919 | D:3      | XOM: harmless Tloc miscast
  1078 | D:2      | Reached XP level 4. HP: 12/35 MP: 4/4
  1106 | D:2      | Killed from afar by an orc wizard

Levels and vault maps discovered:
D:1:      minmay_arrival_doors, layout_basic
D:2:      layout_loops_ring, grunt_temple_overflow_open
D:3:      layout_rooms, kennysheep_slug_shrine, kennysheep_okawaru_gauntlet,
          uniq_natasha

Skill      XL: |  1  2 |
---------------+-------+-----
Maces & Flails | 4 |  4.6
Fighting       | |  3.2
Armour         | |  2.1
Dodging        | |  0.8

Action                   |  1- 3 |  4- 6 || total
-------------------------+-------+-------++-------
Melee: Mace              |    68 |     2 ||    70
       Kick              |    12 |     1 ||    13
Armor: Leather armour    |    35 |     2 ||    37
Dodge: Dodged            |    53 |     8 ||    61

Table legend:
 A = Non-vault XP
 B = Vault XP
 C = Vault XP percentage of total XP
 D = Non-vault monster count
 E = Vault monster count
 F = Vault count percentage of total count
                 A         B        C        D         E       F
            +---------+---------+-------+---------+---------+-------
      Total |      69 |       0 |   0.0 |      22 |       0 |   0.0
            +---------+---------+-------+---------+---------+-------
        D:1 |      29 |       0 |   0.0 |      17 |       0 |   0.0
        D:2 |      40 |       0 |   0.0 |       5 |       0 |   0.0
            +---------+---------+-------+---------+---------+-------
